 Dungeon Crawl Stone Soup version 0.30.0-29-ga12c61a403 (webtiles) character file.

Game seed: 4732525981894105651

514 Descartes the Nimble (level 7, -11/28 HPs)
             Began as a Felid Transmuter on June 11, 2023.
             Mangled by an orc warrior
             ... wielding a +0 glaive
              (17 damage)
             ... on level 5 of the Dungeon.
             The game lasted 00:08:15 (5756 turns).

Descartes the Nimble (Felid Transmuter)             Turns: 5756, Time: 00:08:15

Health: -11/28     AC:  2    Str:  8    XL:     7   Next: 0%
Magic:  11/11      EV: 27    Int: 15    God:
Gold:   260        SH:  0    Dex: 16    Spells: 7/10 levels left
                                        Lives:  0   Deaths: 2

rFire   . .          .
                       - Unarmed
rCold   . . .        (shield unavailable)
rNeg    + . .        (body armour unavailable)
rPois   .            (helmet unavailable)
rElec   +            (cloak unavailable)
rCorr   .            (gloves unavailable)
SInv    +            (boots unavailable)
Will    +....        u - amulet of magic regeneration
Stlth   +            k - ring "Wink" {rElec rN+}
HPRegen 0.24/turn    y - +5 ring of evasion
MPRegen 0.52/turn

%: no passive effects
@: quick
A: very small, claws 1, fangs 3, see invisible, speed 1, shaggy fur 2, stealthy
paws, no weapons or thrown items, no armour, multi-lived
a: no special abilities


You were on level 5 of the Dungeon.
You visited 2 branches of the dungeon, and saw 8 of its levels.

You collected 260 gold pieces.

Inventory:

Jewellery
 k - the ring "Wink" (left paw) {rElec rN+}
   (You found it on level 2 of the Dungeon)

   [ring of positive energy]

   rElec:     It insulates you from electricity.
   rN:        It protects you from negative energy.
 u - an amulet of magic regeneration (around neck)
 y - a +5 ring of evasion (right paw)
 z - a +6 ring of dexterity
 A - a +5 ring of evasion
Wands
 n - a wand of roots (30)
Scrolls
 d - 2 scrolls of vulnerability {unknown}
 g - 5 scrolls of teleportation {unknown}
 i - 11 scrolls of identify {unknown}
 j - a scroll of amnesia {unknown}
 m - 2 scrolls of fog {unknown}
 o - 2 scrolls of fear {unknown}
 p - 2 scrolls of enchant weapon {unknown}
 r - a scroll of torment {unknown}
 t - a scroll of enchant armour {unknown}
 w - a scroll of brand weapon {unknown}
 B - a scroll of acquirement {unknown}
 C - a scroll of immolation {unknown}
Potions
 a - a potion of lignification
 b - a potion of attraction {unknown}
 c - a potion of magic {unknown}
 e - a potion of mutation {unknown}
 f - 3 potions of curing {unknown}
 h - 3 potions of heal wounds {unknown}
 l - a potion of cancellation {unknown}
 q - a potion of experience {unknown}
 s - a potion of resistance {unknown}
 v - a potion of degeneration {unknown}
 x - 2 potions of flight {unknown}
 D - a potion of ambrosia {unknown}


   Skills:
 - Level 1.0 Fighting
 * Level 8.3 Dodging
 * Level 6.6 Unarmed Combat
 - Level 2.0 Spellcasting
 + Level 5.0 Transmutations


You had 7 spell levels left.
You knew the following spells:

 Your Spells              Type           Power      Damage    Failure   Level
a - Beastly Appendage     Tmut           32%        N/A       2%          1
b - Wereblood             Tmut           16%        N/A       4%          2

Your spell library contained the following spells:

 Spells                   Type           Power      Damage    Failure   Level
 Passwall                 Tmut/Erth      7%         N/A       12%         2
 Sandblast                Erth           2%         2d4       22%         1
 Spider Form              Tmut/Pois      9%         N/A       24%         3
 Cigotuvi's Dreadful Rot  Necr/Pois/Air  2%         N/A       32%         2
 Ignite Poison            Fire/Tmut/Pois 6%         N/A       32%         3
 Stone Arrow              Conj/Erth      2%         3d7       54%         3
 Tukima's Dance           Hex            1%         N/A       54%         3
 Ice Form                 Ice/Tmut       9%         N/A       61%         4
 Blade Hands              Tmut           8%         N/A       61%         5
 Freezing Cloud           Conj/Ice/Air   0%         6-21      99%         5
 Portal Projectile        Hex/Tloc       Unusable   N/A       N/A         3

Dungeon Overview and Level Annotations

Branches:
Dungeon (7/15)             Temple (1/1) D:6

Altars:
Ashenzari
Cheibriados
Elyvilon
Gozag
Kikubaaqudgha
Makhleb
Okawaru
Qazlal
Sif Muna
Trog
Vehumet
Wu Jian
The Shining One

Shops:
D:3 [

Annotations:
D:4 2 transporters, MacCMillion's ghost, novice MfIE


Innate Abilities, Weirdness & Mutations

You have sharp claws.
You have razor-sharp teeth.
You have supernaturally acute eyesight. (SInv)
You cover ground quickly. (Speed+)
You are covered in thick fur. (AC +2)
Your paws help you pounce on unaware monsters.
You are incapable of wielding weapons or throwing items.
You cannot wear armour.
You gain extra lives every three experience levels.


Message History

No target in view!
No target in view!
Done exploring.
Things that are here:
a +0 short sword; a +0 leather armour; an orc corpse
There is a stone staircase leading down here.
An orc warrior comes into view. It is wielding a +0 glaive.
The orc warrior shouts!
Casting: Beastly Appendage (safe; 2% risk of failure)
Confirm with . or Enter, or press ? or * to list all spells.
You extend your transformation's duration.
There is a stone staircase leading down here.
There is a stone staircase leading up here.
The orc warrior completely misses you.
The orc priest mumbles some strange prayers to Beogh against you.
Beogh smites you!
The orc warrior drinks a potion.
The orc warrior goes berserk!
There is a stone staircase leading up here.
The orc warrior completely misses you.
The orc wizard gestures at you while chanting.
The puff of flame hits you!
* * * LOW HITPOINT WARNING * * *
You climb upwards.
There is a stone staircase leading down here.
The orc warrior hits you with a +0 glaive.
* * * LOW HITPOINT WARNING * * *
The orc warrior barely misses you. The orc warrior completely misses you.
Your transformation is almost over.
The orc warrior misses you.
The orc warrior rages.
There is an open door here.
The orc warrior closely misses you.
Your horns disappear.
You hear a shout!
The orc warrior attacks as you move away!
The orc warrior closely misses you.
The orc warrior hits you from afar with a +0 glaive!
Ouch! That really hurt!
You die...

#....#........#...#.............#
.....#........#..................
.....#........#.....####.........
.....######.........#......#.#...
........# #.......#.#......+.#..#
........###.......#.#......#.#...
..................#.#...(..#.#...
..................#.#......#.#...
................@.#.#......#.#..#
..............#...#.###...##.#>.#
#.................o..........#.[#
#............................#..#
#...................###'######..#
#.....######..#.................#
###...# #..#######'###########
#...# #...............†.....
#...# #.....................


You could see an orc warrior (berserk).

Vanquished Creatures
  A shadow (D:5)
  A steam dragon (D:5)
  2 centaurs
  A phantom (D:6)
  3 hounds
  4 orc priests
  A sleepcap (D:4)
  2 iguanas
  3 orc wizards
  9 adders
  A white imp (D:7)
  3 worms
  3 dart slugs
  15 orcs
  4 endoplasms
  7 giant cockroaches
  6 hobgoblins
  4 jackals
  7 kobolds
  5 quokkas
  3 ball pythons
  3 bats
  2 frilled lizards
  6 goblins
  6 rats
102 creatures vanquished.

Notes
Turn   | Place    | Note
-------+----------+-------------------------------------------
     0 | D:1      | Descartes the Felid Transmuter began the quest for the Orb.
     0 | D:1      | Reached XP level 1. HP: 9/9 MP: 4/4
   135 | D:1      | Reached skill level 3 in Dodging
   164 | D:1      | Reached XP level 2. HP: 9/12 MP: 6/6
   276 | D:1      | Found a faded altar of an unknown god.
   896 | D:2      | You fall into a shaft and drop 1 floor!
   912 | D:3      | Reached XP level 3. HP: 9/15 MP: 5/7
  1324 | D:2      | Reached skill level 4 in Dodging
  1630 | D:2      | Reached XP level 4. HP: 7/19 MP: 8/8
  1903 | D:2      | Identified the ring "Wink" {rElec rN+}
  2163 | D:3      | Found Temeumohe's Armour Shop.
  2613 | D:4      | Found a transporter.
  2899 | D:4      | Reached XP level 5. HP: 22/22 MP: 9/9
  2951 | D:4      | Reached skill level 5 in Dodging
  3009 | D:4      | Noticed MacCMillion's ghost (novice MfIE)
  3144 | D:4      | Killed from afar by an orc priest
  3145 | D:4      | Reached XP level 4. HP: 0/19 MP: 8/8
  3177 | D:4      | Found a transporter.
  3472 | D:5      | Entered Level 5 of the Dungeon
  3578 | D:5      | Reached XP level 5. HP: 22/22 MP: 7/9
  3605 | D:5      | Noticed a shadow
  3615 | D:5      | Killed a shadow
  3616 | D:5      | Reached skill level 6 in Dodging
  3616 | D:5      | Reached skill level 5 in Unarmed Combat
  3616 | D:5      | Gained mutation: You are covered in thick fur. (AC +2)
                  | [Felid growth]
  3616 | D:5      | Reached XP level 6. HP: 25/25 MP: 10/10
  4177 | D:6      | Found a staircase to the Ecumenical Temple.
  4186 | Temple   | Entered the Ecumenical Temple
  4409 | D:6      | HP: 1/25 [orc/+2 flail of protection (4)]
  4592 | D:5      | Reached skill level 7 in Dodging
  4592 | D:5      | Reached XP level 7. HP: 20/28 MP: 11/11
  4951 | D:6      | Noticed a steam dragon
  5139 | D:5      | Killed a steam dragon
  5311 | D:6      | Reached skill level 8 in Dodging
  5448 | D:6      | Found a broken altar of Ashenzari.
  5637 | D:7      | Reached skill level 5 in Transmutations
  5678 | D:6      | Learned a level 2 spell: Wereblood
  5704 | D:6      | Killed from afar by an orc priest
  5705 | D:6      | Reached XP level 6. HP: -5/25 MP: 10/10
  5723 | D:6      | Reached XP level 7. HP: 28/28 MP: 11/11
  5756 | D:5      | Mangled by an orc warrior

Illustrated notes

Levels and vault maps discovered:
D:1:      dpeg_arrival_brainrot, layout_loops_ring,
          chequers_ecumenical_altar_simple, hex_medium,
          minmay_misc_feat_secret_circle, minmay_surrounded
D:2:      layout_loops_ring
D:3:      layout_loops_corners, serial_shops, shop, nicolae_figureground_pulse
D:4:      layout_cave_pools, gammafunk_ghost_mausoleum, minmay_cut_off
D:5:      layout_basic
D:6:      layout_rooms, mainiacjoe_overflow_brackets,
          minmay_temple_entry_mini_moons
D:7:      layout_loops_corners, dk_xom_monty_hall, ebering_ghost_rock_garden,
          serial_bayou_lagoon_a
Temple:   minmay_temple_bridge_abc

Skill      XL: |  1  2  3  4  5  6  7 |
---------------+----------------------+-----
Dodging        | 3 4 6 7 8 |  8.3
Unarmed Combat | 4 5 6 |  6.6
Transmutations | 3 4 5 |  5.0
Fighting       | |  1.0
Spellcasting   | |  2.0

Action                     |  1- 3 |  4- 6 |  7- 9 || total
---------------------------+-------+-------+-------++-------
  Melee: Unarmed           |   117 |   171 |    82 ||   370
         Headbutt          |    19 |    19 |    28 ||    66
         Punch             |     3 |     4 |     3 ||    10
         Bite              |    11 |    15 |     7 ||    33
   Cast: Beastly Appendage |    21 |    33 |    18 ||    72
    Use: Potion            |     1 |       |       ||     1
   Stab: Sleeping          |       |     3 |       ||     3
 Armour: Skin              |     7 |    10 |     4 ||    21
  Dodge: Dodged            |    86 |   167 |    86 ||   339
